[Event "*** Titled Tuesday Blitz"]
[Site "Chess.com"]
[Date "2019.04.02"]
[Round "2"]
[White "Aemulus20"]
[Black "fidezivkovic"]
[Result "1-0"]
[WhiteElo "2504"]
[BlackElo "2306"]
[TimeControl "180+2"]
[EndTime "14:22:15 PDT"]
[Termination "Aemulus20 won by checkmate"]

1. e4 c5 2. Nf3 g6 3. c3 Bg7 4. d4 cxd4 5. cxd4 d5 6. e5 Bg4 7. Bb5+ Nd7 8. Nc3 e6 9. h3 Bxf3 10.
Qxf3 Ne7 11. Bg5 O-O 12. Bxd7 Qxd7 13. Bf6 Nf5 14. Rd1 Rac8 15. g4 Ne7 16. h4 h6 17. h5 Rc4 18. Bxg7 Kxg7 19. Qf6+ Kh7 20. g5 Nf5 21. hxg6+ Kg8 22. g7 Rfc8 23. Rxh6 Nxh6 24. Qxh6 f5 25. Qh8+ Kf7 26. g6+ Kxg6 27. g8=Q+ Rxg8 28. Qxg8+ Kh5 29. Ke2 Rxd4 30. Rh1+ Rh4 31. Qh8+ Kg6 32. Qxh4 d4 33. Qf6# 1-0

[Event "*** Titled Tuesday Blitz"]
[Site "Chess.com"]
[Date "2019.04.02"]
[Round "2"]
[White "krzysztofszczurek"]
[Black "gmcorrales"]
[Result "1-0"]
[WhiteElo "2393"]
[BlackElo "2768"]
[TimeControl "180+2"]
[EndTime "14:22:16 PDT"]
[Termination "krzysztofszczurek won on time"]

1. e4 c6 2. d4 d5 3. exd5 cxd5 4. Nf3 Nf6 5. Bd3 g6 6. c3 Bg7 7. O-O O-O 8. Re1 Bg4 9. h3 Bxf3 10. Qxf3 Nc6 11.
Bf4 a6 12. Nd2 b5 13. Nb3 Ne8 14. Nc5 e6 15. Qe3 Kh8 16. Bh6 Nd6 17. Bxg7+ Kxg7 18. Qg3 Re8 19. Re2 Qe7 20. Rae1 Nd8 21. Qe5+ Kg8 22. Qxd5 N8b7 23. Qf3 Nxc5 24. dxc5 Nc4 25. Bxc4 bxc4 26. Re5 Rac8 27. Qe3 Red8 28. b4 Rd3 29. Qc1 Qf6 30. a4 Rcd8 31. b5 Rd2 32. R5e2 R2d5 33. Qa3 Rd3 34. c6 Rxc3 35. Qc5 axb5 36. axb5 Rd5 37.
Qb6 Rg5 38. c7 Qf3 39. c8=Q+ Kg7 40. Qcc6 Rxg2+ 41. Kf1 1-0

[Event "*** Titled Tuesday Blitz"]
[Site "Chess.com"]
[Date "2019.04.02"]
[Round "2"]
[White "SoltaniciR"]
[Black "ShimanovAlex"]
[Result "1-0"]
[WhiteElo "2603"]
[BlackElo "2846"]
[TimeControl "180+2"]
[EndTime "14:22:17 PDT"]
[Termination "SoltaniciR won on time"]

1. e4 c6 2. Nf3 d5 3. Nc3 Bg4 4. h3 Bxf3 5. Qxf3 e6 6. d4 Nf6 7. Bd3 Be7 8. O-O O-O 9. e5 Nfd7 10. Ne2 c5 11. c3 Nc6 12. a3 a6 13. Be3 b5 14. Nf4 cxd4 15. cxd4 Bg5 16. Rfd1 Rc8 17. Nxd5 Bxe3 18. Nxe3 g6 19. Be4 Qb6 20. Ng4 h5 21. Nf6+ Nxf6 22. exf6 Nxd4 23. Qe3 e5 24. Qg5 Ne6 25. Qh6 Rc7 26. Rd3 Rc2 27. Rf3 Rc7 28.
Rg3 Qd4 29. Re1 h4 30. Rg4 Nf4 31. Rxh4 Nh5 32. Rxh5 1-0

[Event "*** Titled Tuesday Blitz"]
[Site "Chess.com"]
[Date "2019.04.02"]
[Round "2"]
[White "GelmanAlexander"]
[Black "joppie2"]
[Result "0-1"]
[WhiteElo "2569"]
[BlackElo "2800"]
[TimeControl "180+2"]
[EndTime "14:22:19 PDT"]
[Termination "joppie2 won by checkmate"]

1. d4 Nf6 2. Nc3 d5 3. Bf4 e6 4. Nb5 Na6 5. e3 c6 6. Nc3 Be7 7. g4 c5 8. g5 Nd7 9. h4 Nb6 10. Nf3 Bd7 11. Ne5 c4 12. Qg4 Nb4 13. Kd2 Na4 14. Nxa4 Bxa4 15. c3 Nc6 16. h5 Qb6 17. Rb1 Nxe5 18. Bxe5 Rg8 19. Bh3 Bd7 20. g6 hxg6 21.
hxg6 f6 22. Bg3 O-O-O 23. b3 Qa5 24. Rb2 e5 25. Qf3 Qa3 26. Rhb1 Bxh3 27. bxc4 Be6 28.
Rxb7 Qxa2+ 29. R1b2 Qxc4 30. Rb8+ Kd7 31. R2b7+ Ke8 32. Rxd8+ Bxd8 33. dxe5 Qa2+ 34. Ke1 Qa1+ 35. Kd2 Qa6 36. Rb8 f5 37. Bh4 Kd7 38. Bxd8 Rxd8 39. Rxd8+ Kxd8 40. Qg3 Qa2+ 41. Kd1 Qc4 42. Kd2 a5 43. f4 a4 44. Qh4+ Kc7 45. Qh8 a3 46. Qxg7+ Kc6 47. Qe7 d4 48. exd4 a2 49. Qd6+ Kb5 50.
Qa3 Qb3 51. Qa7 Qb2+ 52. Kd3 Bc4+ 53. Ke3 Qe2# 0-1

[Event "*** Titled Tuesday Blitz"]
[Site "Chess.com"]
[Date "2019.04.02"]
[Round "2"]
[White "denizozen"]
[Black "JonahWillow"]
[Result "0-1"]
[WhiteElo "2697"]
[BlackElo "2691"]
[TimeControl "180+2"]
[EndTime "14:22:20 PDT"]
[Termination "JonahWillow won by checkmate"]

1. Nf3 c5 2. e4 e6 3. d4 cxd4 4. Nxd4 Nc6 5. Nc3 Qc7 6. Nde2 a6 7. b3 Nf6 8. Bb2 Bb4 9. a3 Bc5 10. Na4 Ba7 11. f3 O-O 12. Qd2 b5 13. Qg5 h6 14.
Qh4 bxa4 15. Bxf6 gxf6 16. f4 Nd4 17. Nxd4 Qc3+ 18. Ke2 Bxd4 19. Re1 Qxc2+ 20. Kf3 Qc3+ 21. Kg4 Kh7 22. Rd1 Rg8+ 23. Kh5 Qc5+ 24. e5 fxe5 25.
f5 Rg5+ 26. Qxg5 hxg5 27. h4 Qc2 28. Bd3 Qxg2 29. f6+ Kg8 30. hxg5 Qf3+ 31. Kh6 e4 32. Bb1 Qf5 33. Kh5 Bb7 34. Rdg1 Bxg1 35. Rxg1 Qh3# 0-1

[Event "*** Titled Tuesday Blitz"]
[Site "Chess.com"]
[Date "2019.04.02"]
[Round "2"]
[White "Panchenko_Dmitry"]
[Black "r31415"]
[Result "0-1"]
[WhiteElo "2548"]
[BlackElo "2341"]
[TimeControl "180+2"]
[EndTime "14:22:22 PDT"]
[Termination "r31415 won by checkmate"]

1. e4 e5 2. Nf3 Nc6 3. d4 exd4 4. Nxd4 Nf6 5. Nxc6 bxc6 6. Nd2 d5 7. exd5 cxd5 8.
Bb5+ Bd7 9. Bxd7+ Qxd7 10. O-O Be7 11. b3 O-O 12. Bb2 Rad8 13. Qf3 Qg4 14. Qxg4 Nxg4 15. Rae1 Bb4 16. Re2 Rfe8 17. Rfe1 Re6 18. c3 Bc5 19. Rxe6 fxe6 20. Rxe6 Nxf2 21. Kf1 Nd3 22. Ba1 Bb6 23. Nf3 h6 24. Re2 c6 25. Rd2 Nc5 26. Bb2 Re8 27.
Re2 Ra8 28. Ba3 Ne4 29. c4 a5 30. Ne5 a4 31. b4 Rf8+ 32. Nf3 Nc3 33. Rc2 d4 34.
Ke1 Re8+ 35. Kd2 Nb1+ 36. Kd3 Re3# 0-1

[Event "*** Titled Tuesday Blitz"]
[Site "Chess.com"]
[Date "2019.04.02"]
[Round "2"]
[White "emperor87"]
[Black "Elshan1985"]
[Result "1/2-1/2"]
[WhiteElo "2658"]
[BlackElo "2774"]
[TimeControl "180+2"]
[EndTime "14:22:23 PDT"]
[Termination "Game drawn by agreement"]

1. Nf3 g6 2. g3 Bg7 3. Bg2 d5 4. O-O e6 5. d4 Ne7 6. c4 Nbc6 7. Nc3 O-O 8. Bg5 h6 9. Bxe7 Nxe7 10. cxd5 exd5 11. b4 Bg4 12. e3 a6 13. a4 Qd6 14.
Qb3 Rfd8 15. b5 a5 16. Rac1 g5 17. e4 Bxf3 18. Bxf3 Bxd4 19. Nxd5 Nxd5 20. exd5 Bb6 21. Be4 Re8 22. Qf3 Re7 23. Qf5 Kf8 24. Qh7 Qf6 25. Kg2 Rae8 26. f3 Re5 27. Rc4 Qg7 28. Qxg7+ Kxg7 29. g4 R5e7 30. Rfc1 Rd7 31. R1c2 Ree7 32. h4 Rd6 33. Kg3 Rf6 34. hxg5 hxg5 35. Rh2 Rh6 36. Rxh6 Kxh6 37. Rc1 Bd4 38. Rh1+ Kg7 39. Kg2 Kf6 40. Kf1 Ke5 41. Ke2 Kd6 42. Kd3 Bf6 43. Rh6 Ke5 44. b6 cxb6 45. Bf5 Re8 46. d6 Rh8 47. Rxh8 Bxh8 48.
d7 Bf6 49. Kc4 Kd6 50. Kb5 Kc7 51. Kc4 Be5 52. Kb5 f6 53. Be4 Kxd7 54. Kxb6 Bc3 55. Bxb7 Kd6 56. Kb5 Ke5 1/2-1/2

[Event "*** Titled Tuesday Blitz"]
[Site "Chess.com"]
[Date "2019.04.02"]
[Round "2"]
[White "gmjoey1"]
[Black "You_are_not_free"]
[Result "0-1"]
[WhiteElo "2491"]
[BlackElo "2324"]
[TimeControl "180+2"]
[EndTime "14:22:26 PDT"]
[Termination "You_are_not_free won by resignation"]

1. e4 c5 2. Nf3 a6 3. c3 d5 4. exd5 Nf6 5. d4 Nxd5 6. dxc5 e6 7. c4 Nb4 8. a3 Qxd1+ 9. Kxd1 N4c6 10. Be3 a5 11. Nc3 Na6 12. Na4 Bd7 13. Ke1 Rc8 14. Bd3 Be7 15. Rb1 e5 16. Nb6 Rd8 17. Nxd7 Rxd7 18.
Be4 Nxc5 19. Bxc6 Nd3+ 20. Ke2 bxc6 21. Nd2 f5 22. f3 Kf7 23. Rhd1 Rhd8 24. Bb6 Nf4+ 25.
Ke1 Nxg2+ 26. Kf1 Rxd2 27. Bxd8 Ne3+ 28. Ke1 Rxd1+ 29. Rxd1 Nxd1 30. Bxe7 Kxe7 31. Kxd1 Kd6 32. b4 axb4 33. axb4 g5 34. Ke2 h5 35. h3 h4 36. Ke3 Kc7 37. Ke2 e4 38. Kf2 exf3 39.
Kxf3 Kd6 40. Ke2 Ke5 41. Ke3 g4 42. hxg4 fxg4 0-1

[Event "*** Titled Tuesday Blitz"]
[Site "Chess.com"]
[Date "2019.04.02"]
[Round "2"]
[White "XiaoKangZhong"]
[Black "gemarin"]
[Result "0-1"]
[WhiteElo "2112"]
[BlackElo "2046"]
[TimeControl "180+2"]
[EndTime "14:22:26 PDT"]
[Termination "gemarin won by checkmate"]

1. e4 c5 2. Nf3 d6 3. Bb5+ Bd7 4. Bxd7+ Qxd7 5. O-O Nc6 6. c3 d5 7. e5 d4 8. d3 e6 9. Bf4 dxc3 10. Nxc3 Rd8 11. Qa4 Nge7 12. Ne4 Nd5 13. Bg5 Rc8 14. Rac1 Ncb4 15.
Qxd7+ Kxd7 16. Rfd1 h6 17. Be3 b6 18. a3 Nc6 19. Nc3 g5 20. d4 cxd4 21. Nxd5 exd5 22. Bxd4 Ke6 23. Bc3 Be7 24. Re1 Rhd8 25. Rcd1 a5 26. g3 Bc5 27. Nd4+ Bxd4 28. Bxd4 b5 29. f4 gxf4 30.
gxf4 Ne7 31. Bb6 Rd7 32. Bxa5 Rc4 33. Rf1 Nf5 34. Rd3 Rc2 35. b3 Ra7 36. Bb4 Rac7 37. Rfd1 d4 38. R3d2 Rxd2 39. Rxd2 Kd5 40. Ba5 Rc1+ 41.
Kg2 Rb1 42. b4 Ke4 43. Bb6 Ra1 44. Kf2 Rxa3 45. Rc2 Rb3 46. Ba5 Kxf4 47. Rc5 Rb2+ 48.
Ke1 Ke3 49. Kd1 d3 50. Kc1 d2+ 51. Kxb2 d1=Q 52. Rxb5 Qe2+ 53. Ka3 Qxb5 54. Kb2 Nd4 55.
Kc3 Qd3+ 56. Kb2 Qb3+ 57. Ka1 Nc2# 0-1

[Event "*** Titled Tuesday Blitz"]
[Site "Chess.com"]
[Date "2019.04.02"]
[Round "2"]
[White "Firouzja2003"]
[Black "Shahinyan_ChessMood"]
[Result "1-0"]
[WhiteElo "3087"]
[BlackElo "2608"]
[TimeControl "180+2"]
[EndTime "14:22:27 PDT"]
[Termination "Firouzja2003 won by resignation"]

1. e4 e6 2. d4 d5 3. Nc3 Bb4 4. e5 c5 5. a3 Bxc3+ 6. bxc3 Ne7 7. Qg4 Qc7 8. Qxg7 Rg8 9. Qxh7 cxd4 10. Ne2 dxc3 11. f4 Nbc6 12. h4 Bd7 13. h5 O-O-O 14. Qd3 d4 15. h6 Be8 16. h7 Rh8 17. g4 Na5 18. Rh6 a6 19. a4 Nd5 20. Ba3 Ne3 21.
Bd6 Rxd6 22. exd6 Qxd6 23. Rc1 Nc6 24. Qe4 Nxg4 25. Rh3 f5 26. Qd3 Qd5 27. Qg3 Nb4 28.
Nxc3 Qa5 29. Bc4 Bd7 30. Kf1 Nc6 31. Ne2 Qd2 32. Kg1 Be8 33. Bxe6+ Kb8 34. Bxf5 Ne3 35. Bd3 Ka7 36. Qe1 Qxe1+ 37. Rxe1 Nb4 38. Nxd4 1-0

[Event "*** Titled Tuesday Blitz"]
[Site "Chess.com"]
[Date "2019.04.02"]
[Round "2"]
[White "bugsbunny444"]
[Black "Sajkochess"]
[Result "1-0"]
[WhiteElo "2480"]
[BlackElo "2294"]
[TimeControl "180+2"]
[EndTime "14:22:27 PDT"]
[Termination "bugsbunny444 won by resignation"]

1. Nf3 Nf6 2. c4 e6 3. g3 d5 4. Bg2 dxc4 5. Qc2 a6 6. Ne5 Nbd7 7. Nxc4 Be7 8. O-O O-O 9. b3 Nd5 10. Bb2 Bf6 11. d4 N7b6 12. Rd1 Bd7 13. e4 Nb4 14.
Qe2 Bb5 15. a3 Nc6 16. e5 Be7 17. a4 Bxc4 18. bxc4 Na5 19. Nd2 c5 20. d5 Re8 21.
d6 Bf8 22. Bc3 Nc6 23. Bxc6 bxc6 24. Ba5 Rb8 25. Rab1 Rb7 26. Ne4 Qb8 27. Nxc5 Nxa4 28.
Nxb7 f6 29. d7 fxe5 30. dxe8=Q Qxe8 31. Qxe5 Qf7 32. Nd6 Qg6 33. Ne4 h6 34. Rb8 Kh7 35. Rxf8 1-0

[Event "*** Titled Tuesday Blitz"]
[Site "Chess.com"]
[Date "2019.04.02"]
[Round "2"]
[White "Artur0208"]
[Black "AryanTari"]
[Result "0-1"]
[WhiteElo "2627"]
[BlackElo "2824"]
[TimeControl "180+2"]
[EndTime "14:22:30 PDT"]
[Termination "AryanTari won by resignation"]

1. d4 d5 2. c4 dxc4 3. Nf3 a6 4. a4 Nc6 5. e3 Na5 6. Nbd2 Be6 7. Ng5 Bd5 8. e4 h6 9. Ngf3 Be6 10. d5 Bg4 11.
Nxc4 Nxc4 12. Bxc4 e5 13. dxe6 Qxd1+ 14. Kxd1 O-O-O+ 15.
Kc2 Bxe6 16. Bxe6+ fxe6 17. Ne5 Re8 18. Rd1 Nf6 19. f3 Bc5 20. Ng6 Rhg8 21. Bf4 Rd8 22.
Kc3 a5 23. Kc4 Bb4 24. Be5 Nd7 25. Bc3 Nb6+ 26. Kb3 Bxc3 27. Ne7+ Kb8 28. Nxg8 Bd4 29. Rac1 Rd6 30. f4 c5 31. e5 Rd5 32. Ne7 Rd7 33. Ng6 Nd5 34. f5 exf5 35. e6 Rd6 36. Rxc5 Bxc5 37. Kc4 Nb6+ 38. Kxc5 Rxd1 39. e7 Nd7+ 40. Kb5 Nf6 41. Ne5 Rd5+ 0-1

[Event "*** Titled Tuesday Blitz"]
[Site "Chess.com"]
[Date "2019.04.02"]
[Round "2"]
[White "area_5"]
[Black "dreamist"]
[Result "0-1"]
[WhiteElo "2688"]
[BlackElo "2692"]
[TimeControl "180+2"]
[EndTime "14:22:30 PDT"]
[Termination "dreamist won by resignation"]

1. e4 c5 2. Nf3 d6 3. d4 Nf6 4.
Nc3 cxd4 5. Qxd4 e5 6. Bb5+ Nc6 7. Qc4 Bd7 8. Ng5 Qe7 9. Nd5 Nxd5 10. Qxd5 Rc8 11. c3 h6 12. Nf3 Be6 13. Qd3 a6 14. Ba4 Qc7 15. Nd2 Be7 16. Nf1 Qa5 17.
Bc2 d5 18. exd5 Qxd5 19. Qxd5 Bxd5 20. Ne3 Be6 21. Nf5 Bf8 22. h4 g6 23. Ng3 h5 24.
Ne4 Be7 25. Bg5 f5 26. Bxe7 Kxe7 27. Nc5 Na5 28. Nxe6 Kxe6 29. O-O-O Rhd8 30. Rxd8 Rxd8 31. Rd1 Rc8 32. g3 e4 33. Rd4 Ke7 34. b4 Nc4 35. a4 Ne5 36. Kb2 Rd8 37. Kb3 Rxd4 38. cxd4 Ng4 39.
Bd1 Nxf2 40. Be2 Nh1 41. Bc4 Nxg3 42. a5 Kd6 43. Bf7 f4 44. Bxg6 f3 0-1

[Event "*** Titled Tuesday Blitz"]
[Site "Chess.com"]
[Date "2019.04.02"]
[Round "2"]
[White "LawrenceTrent"]
[Black "GrigorGrigorov"]
[Result "0-1"]
[WhiteElo "2553"]
[BlackElo "2710"]
[TimeControl "180+2"]
[EndTime "14:22:30 PDT"]
[Termination "GrigorGrigorov won by resignation"]

1. e4 c6 2. Nc3 d5 3. Nf3 dxe4 4. Nxe4 Nf6 5. Qe2 Nxe4 6. Qxe4 Be6 7. d4 Nd7 8. c3 Nf6 9. Qh4 g6 10. Bd3 Bg7 11.
Bh6 Bxh6 12. Qxh6 Qb6 13. O-O Qxb2 14. Rfc1 Qxf2+ 15. Kh1 Ng4 16. Qf4 Qe3 17. Qxe3 Nxe3 18. c4 Rd8 19. Rab1 Bc8 20. Re1 Ng4 21. Kg1 Nf6 22.
Rb2 e6 23. Rf2 O-O 24. Bc2 Kg7 25. h3 Ne8 26. Ref1 Nd6 27. Bd3 b6 28. Ne5 Bb7 29.
c5 Nf5 30. g4 Nh6 31. g5 Nf5 32. Bxf5 exf5 33. Rf4 bxc5 34. dxc5 Rd5 35. Rb4 Ba6 36.
Re1 Re8 37. Nf3 Rxe1+ 38. Nxe1 Rxc5 39. Ra4 Rc1 40. Rxa6 Rxe1+ 41. Kf2 Rh1 42. Kg2 Rc1 43. Rxa7 Rc3 44. a4 Ra3 45. a5 c5 46. a6 c4 47.
h4 c3 48. Rc7 Rxa6 49. Rxc3 h6 50. Kg3 hxg5 51. hxg5 Ra4 0-1

[Event "*** Titled Tuesday Blitz"]
[Site "Chess.com"]
[Date "2019.04.02"]
[Round "2"]
[White "lolo9292"]
[Black "Lennis93"]
[Result "0-1"]
[WhiteElo "2289"]
[BlackElo "2344"]
[TimeControl "180+2"]
[EndTime "14:22:33 PDT"]
[Termination "Lennis93 won by checkmate"]

1. Nf3 d5 2. b3 Nf6 3. Bb2 c5 4. e3 a6 5. c4 e6 6. Be2 Nc6 7. O-O d4 8. exd4 cxd4 9. d3 Bd6 10. Re1 e5 11. Bf1 O-O 12. a3 a5 13. Nbd2 h6 14.
Rc1 b6 15. g3 Bf5 16. Nh4 Bh7 17. Bg2 Rc8 18. Ne4 Nxe4 19. Bxe4 Bxe4 20. dxe4 g6 21. Qg4 h5 22. Qf3 Qe7 23. a4 Bb4 24. Rf1 Nd8 25. Rcd1 Ne6 26. Bc1 Rfd8 27. Kg2 Nc5 28.
Kh1 Qb7 29. Bd2 d3 30. Bxb4 axb4 31. Rfe1 Rd4 32. Ng2 Rcd8 33. Ne3 Qxe4 34. Qxe4 Nxe4 35. Kg2 d2 36. Rh1 Nc3 37. Ra1 d1=Q 38. Nxd1 Nxd1 39. a5 bxa5 40. Rxa5 Rd2 41. Rxe5 Nxf2 42. Rhe1 Ng4+ 43. R5e2 Rxe2+ 44. Rxe2 Rd3 45. h3 Ne3+ 46. Kf2 Nd1+ 47. Ke1 Nc3 48. Re8+ Kg7 49. c5 Rxg3 50. c6 Nb5 51.
Re5 Nc7 52. Re7 Ne6 53. Rb7 Rxb3 54. Kd2 Rc3 55. Rb6 Rc5 56. Kd3 h4 57. Ke4 g5 58.
Rxb4 Rxc6 59. Kf5 Rc5+ 60. Kg4 Kg6 61. Kf3 Rc3+ 62. Ke4 Rxh3 63. Rb6 Rg3 64. Ke5 h3 65. Rb2 Rg2 66. Rb1 h2 67. Rh1 g4 68. Ke4 Kg5 69. Ke3 f5 70. Kd3 Nf4+ 71. Ke3 Re2+ 72. Kd4 g3 73. Rf1 g2 74. Rf3 g1=Q+ 75. Kc4 Rc2+ 76.
Kb5 Qb1+ 77. Ka4 Ra2+ 78. Ra3 Nd5 79. Rxa2 Qb4# 0-1

[Event "*** Titled Tuesday Blitz"]
[Site "Chess.com"]
[Date "2019.04.02"]
[Round "2"]
[White "olksuna"]
[Black "Yoshkinkot"]
[Result "1/2-1/2"]
[WhiteElo "2498"]
[BlackElo "2542"]
[TimeControl "180+2"]
[EndTime "14:22:34 PDT"]
[Termination "Game drawn by repetition"]

1. c4 c5 2. Nc3 Nc6 3. g3 g6 4. Bg2 Bg7 5. Nf3 Nf6 6. O-O O-O 7. d4 cxd4 8. Nxd4 Ng4 9. e3 d6 10. b3 Nxd4 11. exd4 Nh6 12. Bb2 Nf5 13. d5 Re8 14.
Rb1 a6 15. Ne4 b5 16. c5 dxc5 17. Nxc5 Bxb2 18. Rxb2 Nd6 19. Re1 Ra7 20. h4 Qb6 21. b4 Nb7 22. Qd4 Nd6 23. h5 Nf5 24. Qc3 gxh5 25. Rbe2 Qg6 26. Be4 h4 27. Bxf5 Bxf5 28.
Re5 hxg3 29. fxg3 Bc8 30. Qe3 h6 31. d6 Be6 32. Nxe6 exd6 33. Re4 Rae7 34. Nc5 dxc5 35.
Rxe7 Rxe7 36. Qxe7 Qxg3+ 37. Kf1 Qf3+ 38. Kg1 Qg3+ 39. Kh1 Qh3+ 40. Kg1 Qg3+ 41. Kf1 Qf3+ 42. Kg1 Qg3+ 43. Kh1 Qh3+ 44. Kg1 Qg3+ 1/2-1/2

[Event "*** Titled Tuesday Blitz"]
[Site "Chess.com"]
[Date "2019.04.02"]
[Round "2"]
[White "Sanyura"]
[Black "UCantHandleDenker"]
[Result "0-1"]
[WhiteElo "2439"]
[BlackElo "2471"]
[TimeControl "180+2"]
[EndTime "14:22:34 PDT"]
[Termination "UCantHandleDenker won by resignation"]

1. Nf3 Nf6 2. g3 g6 3. Bg2 Bg7 4. O-O O-O 5. d3 d6 6. Nbd2 c5 7.
e4 Nc6 8. Ne1 Rb8 9. f4 Qc7 10.
Nef3 b5 11. h3 a5 12. g4 b4 13. f5 Ba6 14. Kh1 a4 15. Qe2 Nd7 16. Nc4 a3 17. Rb1 Bxc4 18. dxc4 axb2 19. Bxb2 Bxb2 20. Rxb2 Nd4 21.
Qe3 Nxf3 22. Qxf3 Ne5 23. Qf4 Ra8 24. Rb3 Rxa2 25. Rg3 Qa5 26. g5 Ra1 27. f6 Rxf1+ 28. Bxf1 e6 29. Qh4 h5 30. gxh6 Kh7 31. Qf4 Qa1 32.
h4 Ra8 33. h5 Ra3 34. hxg6+ Nxg6 35. Rxg6 Kxg6 36. h7 Kxh7 37. e5 Qxe5 38. Bd3+ Rxd3 39. Qh4+ Kg6 40. cxd3 Qh5 0-1

[Event "*** Titled Tuesday Blitz"]
[Site "Chess.com"]
[Date "2019.04.02"]
[Round "2"]
[White "Konavets"]
[Black "Twiceblessed"]
[Result "0-1"]
[WhiteElo "2797"]
[BlackElo "2587"]
[TimeControl "180+2"]
[EndTime "14:22:37 PDT"]
[Termination "Twiceblessed won by resignation"]

1. d4 Nf6 2. Bf4 e6 3. Nf3 d5 4. e3 Bd6 5. Bg3 O-O 6. Bd3 c5 7. c3 Nc6 8. Nbd2 b6 9. Qe2 Bb7 10. Rd1 Re8 11. e4 Be7 12. e5 Nh5 13. Nf1 cxd4 14.
cxd4 Nb4 15. Bb5 Bc6 16. Bxc6 Nxc6 17. Ne3 Rc8 18. Kf1 Na5 19. Nd2 g6 20. h4 Nxg3+ 21. fxg3 b5 22. h5 Qb6 23. Nf3 Nc4 24. Ng4 b4 25. Kf2 b3 26. Nh6+ Kg7 27. Nxf7 Kxf7 28. hxg6+ hxg6 29. Rh7+ Kg8 30. Rdh1 Bf8 31. Rh8+ Kf7 32.
R1h7+ Bg7 33. Ng5+ Ke7 34. Rxg7+ Kd8 35. Rh4 bxa2 36.
Qf3 Rc7 37. Nf7+ Kc8 38. Nd6+ Nxd6 39. Rxc7+ Qxc7 40. Qa3 Qc2+ 41. Kg1 Qc1+ 42. Kh2 a1=Q 0-1

[Event "*** Titled Tuesday Blitz"]
[Site "Chess.com"]
[Date "2019.04.02"]
[Round "2"]
[White "Ali_rastbod"]
[Black "wonderfultime"]
[Result "0-1"]
[WhiteElo "2603"]
[BlackElo "2915"]
[TimeControl "180+2"]
[EndTime "14:22:46 PDT"]
[Termination "wonderfultime won by resignation"]

1. Nf3 Nf6 2. c4 c6 3. g3 d5 4.
Bg2 Bg4 5. Qb3 Qc8 6. Ne5 dxc4 7. Qxc4 Be6 8. Qc2 g6 9. b3 Bg7 10. Bb2 O-O 11. O-O Nbd7 12. d3 Nxe5 13. Bxe5 Bh3 14. Nd2 Rd8 15. Nc4 Qe6 16. Qb2 Bxg2 17. Kxg2 Rd5 18.
Bc3 Rh5 19. Rh1 Qh3+ 20. Kg1 Ng4 21. f3 Nf6 22. e4 Rd8 23. Rd1 Rg5 24. Qg2 Qe6 25.
Qe2 Nh5 26. Bxg7 Nxg7 27. Qe3 Qf6 28. Kf2 Ne6 29. h3 Rb5 30. e5 Qf5 31. f4 g5 32.
Kf3 gxf4 33. gxf4 Rd4 34. Rhg1+ Kf8 35. Kg3 Rbd5 36. Kh2 Rxd3 37. Rxd3 Rxd3 0-1

[Event "*** Titled Tuesday Blitz"]
[Site "Chess.com"]
[Date "2019.04.02"]
[Round "2"]
[White "enriquetejedor"]
[Black "fm_magua"]
[Result "1/2-1/2"]
[WhiteElo "2518"]
[BlackElo "2517"]
[TimeControl "180+2"]
[EndTime "14:22:46 PDT"]
[Termination "Game drawn by repetition"]

1. e4 c5 2. Nf3 Nc6 3. Bb5 g6 4. Bxc6 dxc6 5. h3 e5 6. O-O f6 7. d3 b6 8. a3 a5 9. Nbd2 Ra7 10.
Nc4 Be6 11. Nfd2 g5 12. Rb1 h5 13. c3 h4 14. Qe2 g4 15. hxg4 Rg7 16. Ne3 Nh6 17.
f3 h3 18. gxh3 Nf7 19. Nf5 Rgh7 20. h4 Bxf5 21. exf5 Rxh4 22. Qe4 Ng5 23. Qxc6+ Kf7 24. Ne4 Rh1+ 25. Kf2 R8h2+ 26. Kg3 Rh3+ 27. Kg2 R3h2+ 28.
Kg3 Rh3+ 29. Kf2 Rxf1+ 30. Kg2 Qxd3 31. Nxg5+ Kg7 32. Nxh3 Qe2+ 33. Kg3 Qe1+ 34. Kg2 Qe2+ 35. Kg3 Qe1+ 36. Kg2 Qe2+ 37. Kg3 Qe1+ 38. Kg2 Qe2+ 1/2-1/2

[Event "*** Titled Tuesday Blitz"]
[Site "Chess.com"]
[Date "2019.04.02"]
[Round "2"]
[White "SergioGarciaFuentes"]
[Black "europa2012"]
[Result "1-0"]
[WhiteElo "2051"]
[BlackElo "2120"]
[TimeControl "180+2"]
[EndTime "14:22:49 PDT"]
[Termination "SergioGarciaFuentes won by checkmate"]

1. d4 Nf6 2. c4 e6 3. Nf3 b6 4. g3 Bb7 5. Bg2 Bb4+ 6. Nbd2 O-O 7. O-O Bxd2 8. Qxd2 d6 9. b3 Nbd7 10. Bb2 Be4 11.
Rfd1 a5 12. a3 h6 13. Rac1 Qc8 14. c5 d5 15. c6 Nb8 16. a4 Na6 17. Ba3 Re8 18.
Qf4 Nb4 19. Ne5 Bxg2 20. Kxg2 Qa6 21. Nd7 Ne4 22. Bxb4 axb4 23. Qxc7 Qxe2 24. Qf4 Rac8 25.
Nxb6 Rxc6 26. Rxc6 Qxd1 27. Rc7 Nf6 28. Nd7 Nxd7 29.
Rxd7 Rf8 30. Qf3 Qxd4 31. Rb7 Qc3 32. a5 Qxf3+ 33. Kxf3 Ra8 34. Rb5 Kh7 35. Ke3 Kg6 36.
Kd4 Kf5 37. Kc5 Ke4 38. Rxb4+ Kf3 39. Rf4+ Ke2 40. b4 e5 41. Rxf7 d4 42. Re7 d3 43.
Rxe5+ Kd1 44. Rd5 d2 45. Kb6 Kc1 46. a6 d1=Q 47. Rxd1+ Kxd1 48. Kb7 Rf8 49. a7 Rf7+ 50. Ka6 Rf8 51. b5 Ke2 52. b6 Kxf2 53. b7 Rf6+ 54.
Kb5 Rf5+ 55. Kc4 Kg2 56. b8=Q Kxh2 57. a8=Q Rf4+ 58. Qxf4 Kh3 59. Qh4# 1-0

[Event "*** Titled Tuesday Blitz"]
[Site "Chess.com"]
[Date "2019.04.02"]
[Round "2"]
[White "Artooooo"]
[Black "Maitreia"]
[Result "0-1"]
[WhiteElo "2724"]
[BlackElo "2685"]
[TimeControl "180+2"]
[EndTime "14:22:50 PDT"]
[Termination "Maitreia won by resignation"]

1. b3 Nf6 2. Bb2 g6 3. e4 Bg7 4. e5 Nd5 5. c4 Nb6 6. Nc3 c5 7.
Nf3 Nc6 8. d4 cxd4 9. Nb5 O-O 10. Nbxd4 Nxe5 11. Nxe5 Bxe5 12. Ne6 dxe6 13. Bxe5 f6 14. Bc3 Qxd1+ 15. Rxd1 e5 16. c5 Nd7 17. Bc4+ Kg7 18. Bb4 Nb8 19. f3 Nc6 20. Ba3 Rd8 21.
Kf2 h5 22. b4 Bf5 23. b5 Nd4 24. h3 h4 25. Bb2 Rac8 26. Ba3 g5 27. Rd2 Nc2 28.
Rxd8 Rxd8 29. Bc1 Rc8 30. c6 bxc6 31. a4 cxb5 32. Bxb5 Nd4 33. Ba6 Rc2+ 34. Ke3 Ra2 35. Bd2 Rxa4 36. Bb7 Ra3+ 37. Kf2 Ra2 38. Ke3 Nc2+ 39.
Kf2 Na3 40. Rc1 Rxd2+ 0-1

[Event "*** Titled Tuesday Blitz"]
[Site "Chess.com"]
[Date "2019.04.02"]
[Round "2"]
[White "PotapovaM"]
[Black "nurgyulsalimova"]
[Result "1/2-1/2"]
[WhiteElo "2434"]
[BlackElo "2489"]
[TimeControl "180+2"]
[EndTime "14:22:52 PDT"]
[Termination "Game drawn - insufficient material"]

1. d4 Nf6 2. c4 e6 3. Nf3 d5 4. Nc3 c6 5. Bg5 dxc4 6. e4 b5 7. e5 h6 8. Bh4 g5 9. Nxg5 hxg5 10. Bxg5 Be7 11. exf6 Bxf6 12. Bxf6 Qxf6 13. g3 Na6 14. Bg2 Bb7 15. a4 Nb4 16. O-O O-O-O 17. axb5 Rxd4 18.
Qf3 Qxf3 19. Bxf3 cxb5 20. Nxb5 Rd2 21. Nxa7+ Kb8 22. Bxb7 Kxb7 23. Nb5 Kc6 24. Na7+ Kb6 25. Ra4 Rxb2 26. Rc1 Nd3 27. Rcxc4 Nxf2 28. Rab4+ Rxb4 29. Rxb4+ Kxa7 30. Kxf2 Rxh2+ 31. Kf3 Rh5 32. g4 Re5 33. Kf4 Re1 34. Rb2 Rf1+ 35. Ke5 Ka6 36. Rb8 Re1+ 37. Kf6 Rf1+ 38. Ke5 Rg1 39. Rf8 Rxg4 40. Rxf7 Rg6 41.
Rf6 Rxf6 42. Kxf6 e5 43. Kxe5 1/2-1/2

[Event "*** Titled Tuesday Blitz"]
[Site "Chess.com"]
[Date "2019.04.02"]
[Round "2"]
[White "Gentlejimmy7"]
[Black "BlackBoarder"]
[Result "1-0"]
[WhiteElo "2431"]
[BlackElo "2522"]
[TimeControl "180+2"]
[EndTime "14:22:53 PDT"]
[Termination "Gentlejimmy7 won on time"]

1. d4 e6 2. g3 Nf6 3. Bg2 d5 4. Nf3 c5 5. O-O Nc6 6. c4 dxc4 7. Qa4 Bd7 8. dxc5 Bxc5 9. Qxc4 Qe7 10. Bg5 Bb6 11.
Nc3 h6 12. Bxf6 Qxf6 13. Na4 O-O 14. Nxb6 axb6 15. Rfd1 Na5 16. Qb4 Bc6 17. Rac1 Bd5 18. Qxb6 Nc4 19. Qd4 Nxb2 20. Qxf6 gxf6 21. Rd2 Rxa2 22.
Nd4 Rd8 23. Rb1 Na4 24. Rxa2 Bxa2 25. Ra1 Rxd4 26. Rxa2 b5 27. e3 Rd1+ 28. Bf1 Nc3 29. Rb2 Rd5 30. Kg2 Rc5 31. Bd3 Kf8 32. f4 Ke7 33.
Kf2 Kd6 34. e4 Kc6 35. Rb3 Kb6 36. Ke3 e5 37. Kd2 Na4 38. Rb1 Nc3 39. Rf1 Rc7 40. fxe5 fxe5 41. Rf6+ Ka5 42. Rxh6 Kb4 43. Rh5 f6 44. Rh6 Rc6 45. g4 Ra6 46. Bc2 Rd6+ 47. Ke3 Kc5 48. h4 Ra6 49. g5 Ra2 50. Bb3 Rb2 51.
gxf6 Rxb3 52. f7 Nd5+ 53. Kf2 Rb2+ 54. Kf3 Rb3+ 55. Kg4 1-0